[Event "ICC tourney 3043 (15 5)"]
[Site "Internet Chess Club"]
[Date "2022.10.30"]
[Round "4"]
[White "TIAN, ZIPENG:ZipengTian-W"]
[Black "YOUZHUO, RAYMOND:Raymondshi-W"]
[Result "0-1"]
[ICCResult "White checkmated"]
[WhiteElo "765"]
[BlackElo "872"]
[Opening "Ponziani: Jaenisch counter-attack"]
[ECO "C44"]
[NIC "KP.05"]
[Time "15:30:25"]
[PlyCount "120"]
[TimeControl "900+5"]

1. e4 e5 2. Nf3 Nc6 3. c3 Nf6 4. d4 exd4 5. cxd4 Bb4+ 6. Bd2 Nxe4 7. d5 Qe7
8. Be2 Qc5 9. Rf1 Nd4 10. Nxd4 Qxd4 11. Bxb4 Qxb4+ 12. Nd2 Nc5 13. b3 Qd4
14. Nc4 Qc3+ 15. Nd2 Ne4 16. Rc1 Qe5 17. Nxe4 Qxe4 18. f3 Qe3 19. Rxc7 O-O
20. Qd3 Qe5 21. Rc2 Re8 22. f4 Qe7 23. Kd1 b6 24. Qh3 d6 25. Bg4 Ba6 26. Bf5
g6 27. Rg1 gxf5 28. g4 Be2+ 29. Kc1 Bxg4 30. Rcg2 Rac8+ 31. Kb2 Qf6+ 32. Ka3
Kf8 33. Qxh7 Ke7 34. Re1+ Kd7 35. Rxe8 Rxe8 36. h3 Rh8 37. Qxh8 Qxh8 38.
hxg4 Qg7 39. g5 f6 40. g6 Kc8 41. Kb4 Kb7 42. Kb5 a6+ 43. Kc4 b5+ 44. Kb4
Kb6 45. a4 a5+ 46. Ka3 b4+ 47. Kb2 Kc5 48. Rc2+ Kxd5 49. Rd2+ Ke4 50. Rxd6
Qxg6 51. Ra6 Qg2+ 52. Ka1 Qf1+ 53. Kb2 Qxa6 54. Kb1 Kxf4 55. Kb2 Ke4 56. Kb1
f4 57. Kb2 f3 58. Kb1 f2 59. Kb2 f1=Q 60. Ka2 Qae2# {White checkmated} 0-1

[Event "ICC tourney 3043 (15 5)"]
[Site "Internet Chess Club"]
[Date "2022.10.30"]
[Round "4"]
[White "IYER, NITIKA:NitikaIyer-W"]
[Black "YI, JEMERY:JemeryYi-W"]
[Result "0-1"]
[ICCResult "White checkmated"]
[WhiteElo "787"]
[BlackElo "962"]
[Opening "Caro-Kann: advance variation"]
[ECO "B12"]
[NIC "CK.04"]
[Time "15:30:30"]
[PlyCount "112"]
[TimeControl "900+5"]

1. e4 c6 2. d4 d5 3. e5 Bf5 4. Nc3 e6 5. Nf3 c5 6. Be3 cxd4 7. Nxd4 Bb4 8.
Bd2 Bg6 9. a3 Ba5 10. Qf3 Ne7 11. O-O-O Nf5 12. Nxf5 Bxf5 13. Nb5 Bxd2+ 14.
Rxd2 O-O 15. Nd6 Bg6 16. Nc4 Nd7 17. Ne3 Nxe5 18. Qg3 Nd7 19. Bb5 Rc8 20.
Bd3 Bxd3 21. Rxd3 Nf6 22. f3 Qc7 23. Qxc7 Rxc7 24. Re1 Rfc8 25. h3 Nh5 26.
Rd4 Nf6 27. Rd2 Nh5 28. Rd4 Ng3 29. c3 Nh5 30. Rd2 Nf4 31. Rd4 Ng6 32. Rd2
Ne5 33. Rd4 Nc6 34. Rd2 b5 35. Rde2 h6 36. Kb1 a5 37. Rc2 a4 38. b4 axb3 39.
Rb2 Na5 40. Nd1 d4 41. Nf2 dxc3 42. Rbe2 c2+ 43. Kc1 b2+ 44. Kxb2 c1=Q+ 45.
Rxc1 Rxc1 46. Nd3 R1c7 47. Nb4 Nc4+ 48. Kb3 Nd6 49. Re3 Nc4 50. Rd3 Ne5 51.
Re3 Nd7 52. Rd3 Nc5+ 53. Kc3 Nxd3+ 54. Kxd3 Rc3+ 55. Kd4 f6 56. Ke4 R8c4#
{White checkmated}
0-1

[Event "ICC tourney 3043 (15 5)"]
[Site "Internet Chess Club"]
[Date "2022.10.30"]
[Round "4"]
[White "LIEN, ISAAC:IsaacLien-W"]
[Black "MAR, MAXIMUS:MaximusMar-W"]
[Result "0-1"]
[ICCResult "White forfeits on time"]
[WhiteElo "683"]
[BlackElo "859"]
[Opening "Scotch gambit"]
[ECO "C44"]
[NIC "SO.06"]
[Time "15:30:29"]
[PlyCount "90"]
[TimeControl "900+5"]

1. e4 e5 2. Nf3 Nc6 3. d4 exd4 4. Bc4 d6 5. Nxd4 Nf6 6. Nc3 Be7 7. O-O O-O
8. Be3 Nxd4 9. Bxd4 c5 10. Be3 Qb6 11. Rb1 Be6 12. Bd3 Rac8 13. Re1 Qd8 14.
b3 Qa5 15. Qd2 Qc7 16. Ra1 b6 17. Qe2 d5 18. exd5 Nxd5 19. Nxd5 Bxd5 20. Qh5
f5 21. Bxf5 g6 22. Bxg6 hxg6 23. Qxd5+ Rf7 24. h3 Bf6 25. Rab1 Rd8 26. Qc4
Kg7 27. b4 cxb4 28. Qxc7 Rxc7 29. Re2 Rdc8 30. Rxb4 Rxc2 31. Rxc2 Rxc2 32.
a4 Be7 33. Rb5 Ra2 34. Bd4+ Kf7 35. Rb3 Rxa4 36. Rf3+ Kg8 37. Rd3 b5 38. Kf1
b4 39. Ke2 Ra2+ 40. Kd1 a5 41. Rg3 Kh7 42. Rb3 a4 43. Rd3 b3 44. Kc1 a3 45.
Rxb3 Bg5+ {White forfeits on time} 0-1

[Event "ICC tourney 3043 (15 5)"]
[Site "Internet Chess Club"]
[Date "2022.10.30"]
[Round "4"]
[White "LIAO, JESSIE:JessieLiao-W"]
[Black "CHENHE ZUO, ALEX:AlexZuo-W"]
[Result "1-0"]
[ICCResult "Black checkmated"]
[WhiteElo "878"]
[BlackElo "894"]
[Opening "French: exchange variation"]
[ECO "C01"]
[NIC "FR.01"]
[Time "15:30:10"]
[PlyCount "117"]
[TimeControl "900+5"]

1. e4 e6 2. d4 d5 3. exd5 exd5 4. Bf4 Bd6 5. Be3 Nf6 6. Nf3 h6 7. Bd3 Be6 8.
h3 Nbd7 9. c3 O-O 10. O-O c6 11. Nbd2 Rc8 12. Qb3 Qc7 13. Rac1 c5 14. c4 Nb6
15. Rc2 dxc4 16. Bxc4 Bxc4 17. Nxc4 Nxc4 18. Rxc4 Nd5 19. dxc5 Nxe3 20. Qxe3
Bxc5 21. Qe5 b6 22. Qxc7 Rxc7 23. Kh1 Rfc8 24. Rfc1 Bd6 25. Rxc7 Rxc7 26.
Rxc7 Bxc7 27. Nd4 Be5 28. Nc6 Bxb2 29. Nxa7 Bd4 30. Kg1 Kf8 31. Nb5 Bc5 32.
Nc3 Ke7 33. Na4 Kf6 34. Nxc5 bxc5 35. Kf1 c4 36. Ke2 Ke6 37. Kd2 Kd5 38. Kc3
Kc5 39. a4 f6 40. a5 Kb5 41. a6 Kxa6 42. Kxc4 Kb7 43. Kd5 Kc7 44. Ke6 h5 45.
Kf7 g5 46. Kxf6 g4 47. hxg4 hxg4 48. Kf5 g3 49. fxg3 Kd7 50. g4 Ke8 51. Kf6
Kf8 52. g5 Kg8 53. Kg6 Kh8 54. Kf7 Kh7 55. g6+ Kh6 56. g7 Kh5 57. g8=Q Kh4
58. Kf6 Kh5 59. Qg5# {Black checkmated} 1-0

[Event "ICC tourney 3043 (15 5)"]
[Site "Internet Chess Club"]
[Date "2022.10.30"]
[Round "4"]
[White "HU, DARREN:DarrenHu-W"]
[Black "TIAN, RENA:RenaTian-W"]
[Result "0-1"]
[ICCResult "White checkmated"]
[WhiteElo "118"]
[BlackElo "151"]
[Opening "Two knights defense"]
[ECO "C57"]
[NIC "KP.01"]
[Time "15:30:39"]
[PlyCount "140"]
[TimeControl "900+5"]

1. e4 e5 2. Nf3 Nc6 3. Bc4 Nf6 4. Ng5 h6 5. Nxf7 Qe7 6. Nxh8 d6 7. Ng6 Qd7
8. Nxf8 Qe7 9. O-O Qxf8 10. Bb5 Bg4 11. Qe1 O-O-O 12. d3 Nd7 13. Bd2 g5 14.
Qe3 Qf7 15. Bxc6 bxc6 16. Qxa7 Qh5 17. h3 Bf5 18. Qa8+ Nb8 19. Qxc6 Nxc6 20.
a4 Qe8 21. a5 Be6 22. Nc3 Kd7 23. a6 Ra8 24. Be3 Qh5 25. a7 Nxa7 26. Bxa7
Rxa7 27. Rxa7 Bxh3 28. b4 Qg4 29. g3 Bxf1 30. Kxf1 h5 31. Kg1 h4 32. Kh1
Qh3+ 33. Kg1 Qg4 34. Ra6 h3 35. b5 c6 36. b6 Kc8 37. Ra7 Qh5 38. b7+ Kb8 39.
Ra8+ Kxb7 40. Ra1 h2+ 41. Kg2 h1=Q+ 42. Rxh1 Qg4 43. f3 Qe6 44. f4 exf4 45.
gxf4 gxf4 46. Rh8 Qf6 47. Ne2 f3+ 48. Kf1 Qxh8 49. Nf4 Qf8 50. Nh3 Qa8 51.
c3 Qa3 52. e5 dxe5 53. d4 Qxc3 54. Ng1 exd4 55. Kf2 d3 56. Kxf3 d2+ 57. Ke2
Qc2 58. Ke3 d1=Q 59. Kf4 Qxg1 60. Ke5 Qg7+ 61. Kd6 c5 62. Kd5 Qd2+ 63. Kxc5
Qdg5+ 64. Kd6 Q5g6+ 65. Kd5 Q6h6 66. Kc5 Qgg5+ 67. Kd4 Qhh4+ 68. Kc3 Qgg3+
69. Kd2 Qhh2+ 70. Kc1 Qgg1# {White checkmated} 0-1

[Event "ICC tourney 3043 (15 5)"]
[Site "Internet Chess Club"]
[Date "2022.10.30"]
[Round "4"]
[White "CHONG, JACK:JackChong-W"]
[Black "PAN,JUNXI:JunxiPan-W"]
[Result "0-1"]
[ICCResult "White checkmated"]
[WhiteElo "803"]
[BlackElo "490"]
[Opening "Caro-Kann defense"]
[ECO "B10"]
[NIC "CK.01"]
[Time "15:31:27"]
[PlyCount "108"]
[TimeControl "900+5"]

1. e4 c6 2. Nf3 d5 3. exd5 cxd5 4. d4 Nf6 5. Nc3 Nc6 6. Bf4 Bg4 7. h3 Bh5 8.
Bb5 e6 9. O-O a6 10. Ba4 b5 11. Bb3 Na5 12. a4 Nxb3 13. cxb3 b4 14. Ne2 Bxf3
15. gxf3 Be7 16. Ng3 O-O 17. Qd2 h6 18. Kh2 a5 19. Rg1 Kh8 20. Ne2 Nh5 21.
Bxh6 Kh7 22. Bg5 Bxg5 23. Rxg5 g6 24. Rag1 Qf6 25. Ng3 Nxg3 26. R1xg3 Rh8
27. R3g4 Qxf3 28. Rf4 Qxb3 29. Rxf7+ Kg8 30. Rc7 Qf3 31. Rg3 Qf5 32. Qe3 Rh7
33. Rxh7 Kxh7 34. Rg5 Qf7 35. Qg3 Rf8 36. Kg2 Qf4 37. Rxg6 Qe4+ 38. Kh2 Qxg6
39. Qh4+ Kg8 40. b3 Rf6 41. f4 Qc2+ 42. Kh1 Qd1+ 43. Kh2 Qe2+ 44. Kg1 Rg6+
45. Qg5 Rxg5+ 46. fxg5 Qb2 47. h4 Qxb3 48. Kg2 Qxa4 49. Kh3 Qe8 50. Kg4 Qg6
51. h5 Qf5+ 52. Kh4 Kg7 53. h6+ Kh7 54. Kh5 Qh3# {White checkmated} 0-1

[Event "ICC tourney 3043 (15 5)"]
[Site "Internet Chess Club"]
[Date "2022.10.30"]
[Round "4"]
[White "XING LIU, BRANDON:BrandonLiu-W"]
[Black "SHANYUAN LI, SIMON:SimonLi-W"]
[Result "1-0"]
[ICCResult "Black checkmated"]
[WhiteElo "970"]
[BlackElo "622"]
[Opening "Queen's pawn, Mason variation"]
[ECO "D00"]
[NIC "QP.08"]
[Time "15:30:25"]
[PlyCount "151"]
[TimeControl "900+5"]

1. d4 d5 2. Bf4 Bf5 3. e3 e6 4. Nf3 Nf6 5. Bd3 Bxd3 6. Qxd3 Bd6 7. Bxd6 Qxd6
8. O-O O-O 9. c3 c6 10. Nbd2 Nbd7 11. c4 dxc4 12. Nxc4 Qd5 13. b3 b5 14.
Ncd2 e5 15. Qc3 exd4 16. Nxd4 Rac8 17. N2f3 Ne4 18. Qb2 b4 19. Ne2 Qc5 20.
Rac1 Qb5 21. Ned4 Qb6 22. Nf5 f6 23. Ne7+ Kf7 24. Nxc8 Rxc8 25. Rfd1 Ndc5
26. g3 Qa6 27. Qd4 Qe2 28. Rd2 Nxd2 29. Qxd2 Qxd2 30. Nxd2 Ne6 31. Ne4 Rc7
32. Nd6+ Kg6 33. h4 Kh6 34. f3 g5 35. hxg5+ Kxg5 36. Ne4+ Kf5 37. Nc5 Ng5
38. Kg2 h5 39. Na6 Rc8 40. Rc5+ Kg6 41. Nxb4 Ne6 42. Rxc6 Rxc6 43. Nxc6 a6
44. b4 Kf7 45. a4 Ke8 46. b5 axb5 47. axb5 Kd7 48. Na7 Kc7 49. Nc6 Kb6 50.
f4 Kxb5 51. Nd4+ Nxd4 52. exd4 Kc4 53. Kh3 Kxd4 54. Kh4 Ke4 55. Kxh5 Kf5 56.
Kh4 Kg6 57. g4 f5 58. g5 Kg7 59. Kh5 Kh7 60. g6+ Kg7 61. Kg5 Kg8 62. Kxf5
Kg7 63. Kg5 Kg8 64. f5 Kg7 65. f6+ Kf8 66. Kh6 Kg8 67. f7+ Kf8 68. g7+ Kxf7
69. Kh7 Kf6 70. g8=Q Ke7 71. Qg6 Kf8 72. Qd6+ Kf7 73. Kh6 Kg8 74. Qd7 Kf8
75. Kg6 Kg8 76. Qg7# {Black checkmated} 1-0

[Event "ICC tourney 3043 (15 5)"]
[Site "Internet Chess Club"]
[Date "2022.10.30"]
[Round "5"]
[White "TIAN, RICHARD:RichardTian-W"]
[Black "HU, DARREN:DarrenHu-W"]
[Result "1-0"]
[ICCResult "Black checkmated"]
[WhiteElo "138"]
[BlackElo "118"]
[Opening "King's pawn game"]
[ECO "C50"]
[NIC "IG.03"]
[Time "16:30:33"]
[PlyCount "29"]
[TimeControl "900+5"]

1. e4 e5 2. Nf3 Nc6 3. Bc4 h6 4. d4 exd4 5. Nxd4 Nxd4 6. Qxd4 Bb4+ 7. c3 Ba5
8. b4 Bb6 9. Qe5+ Ne7 10. Qxg7 Rg8 11. Qxh6 Rxg2 12. Kf1 Rg6 13. Qh8+ Rg8
14. Qh7 a5 15. Qxf7# {Black checkmated} 1-0

[Event "ICC tourney 3043 (15 5)"]
[Site "Internet Chess Club"]
[Date "2022.10.30"]
[Round "5"]
[White "SEN WANG, ETHAN:EthanWang-W"]
[Black "LIU, CLARK:ClarkLiu-W"]
[Result "1-0"]
[ICCResult "Black checkmated"]
[WhiteElo "317"]
[BlackElo "222"]
[Opening "King's pawn game"]
[ECO "C50"]
[NIC "IG.03"]
[Time "16:30:24"]
[PlyCount "39"]
[TimeControl "900+5"]

1. e4 e5 2. Nf3 Nc6 3. Bc4 d5 4. exd5 Nce7 5. Nxe5 Nf5 6. Bb5+ c6 7. dxc6
Nf6 8. O-O Nh5 9. Qxh5 Nd6 10. Nc3 Be7 11. cxb7+ Bd7 12. Bxd7+ Qxd7 13. Nxd7
Nxb7 14. Re1 Rc8 15. Ne5 Rc5 16. Qxf7+ Kd8 17. Qxg7 Rf8 18. Nf7+ Ke8 19.
Nd6+ Nxd6 20. Qxe7# {Black checkmated} 1-0

[Event "ICC tourney 3043 (15 5)"]
[Site "Internet Chess Club"]
[Date "2022.10.30"]
[Round "5"]
[White "LI, BENNETT:BennettLi-W"]
[Black "GENG, EVAN:EvanGeng-W"]
[Result "1-0"]
[ICCResult "Black checkmated"]
[WhiteElo "757"]
[BlackElo "100"]
[Opening "Giuoco Pianissimo"]
[ECO "C50"]
[NIC "IG.02"]
[Time "16:30:15"]
[PlyCount "41"]
[TimeControl "900+5"]

1. e4 e5 2. Nf3 Nc6 3. Bc4 Bc5 4. d3 Nf6 5. O-O O-O 6. Bg5 Bd4 7. c3 Bc5 8.
d4 exd4 9. cxd4 Bb6 10. d5 Ne7 11. e5 Ne8 12. d6 cxd6 13. exd6 Bc5 14. Re1
Nf6 15. dxe7 Bxe7 16. Nc3 Re8 17. Nd5 Nxd5 18. Qxd5 Bxg5 19. Qxf7+ Kh8 20.
Rxe8+ Qxe8 21. Qxe8# {Black checkmated} 1-0

[Event "ICC tourney 3043 (15 5)"]
[Site "Internet Chess Club"]
[Date "2022.10.30"]
[Round "5"]
[White "ZIJIAN SU, OWEN:OwenSu-W"]
[Black "TIAN, ZIPENG:ZipengTian-W"]
[Result "0-1"]
[ICCResult "White checkmated"]
[WhiteElo "496"]
[BlackElo "765"]
[Opening "Scandinavian (center counter) defense"]
[ECO "B01"]
[NIC "SD.01"]
[Time "16:30:28"]
[PlyCount "56"]
[TimeControl "900+5"]

1. e4 d5 2. exd5 Qxd5 3. Nc3 Qa5 4. Nf3 Nc6 5. Bb5 Bd7 6. Bxc6 Bxc6 7. O-O
O-O-O 8. a3 e6 9. b4 Bxb4 10. Bb2 Bxc3 11. Bxc3 Qh5 12. d3 Nf6 13. Re1 Ng4
14. h3 Nh6 15. Bxg7 Rhg8 16. Bxh6 Qxh3 17. g3 Qxh6 18. Kg2 f5 19. Rh1 Qg6
20. Qd2 Bxf3+ 21. Kxf3 Qg4+ 22. Kg2 f4 23. Rxh7 fxg3 24. fxg3 Qxg3+ 25. Kf1
Rdf8+ 26. Ke2 Qf2+ 27. Kd1 Rg1+ 28. Qe1 Qxe1# {White checkmated} 0-1

[Event "ICC tourney 3043 (15 5)"]
[Site "Internet Chess Club"]
[Date "2022.10.30"]
[Round "5"]
[White "ZHAO, JUSTIN:JustinZhao-W"]
[Black "FAN, RAPHAEL:RaphaelFan-W"]
[Result "1-0"]
[ICCResult "Black checkmated"]
[WhiteElo "808"]
[BlackElo "267"]
[Opening "King's pawn game"]
[ECO "C50"]
[NIC "IG.03"]
[Time "16:30:31"]
[PlyCount "87"]
[TimeControl "900+5"]

1. e4 e5 2. Nf3 Nc6 3. Bc4 h6 4. Nc3 Nf6 5. d3 Bb4 6. a3 Bxc3+ 7. bxc3 d6 8.
Be3 O-O 9. O-O Bg4 10. h3 Bxf3 11. Qxf3 Re8 12. Rab1 b6 13. d4 exd4 14. cxd4
Rxe4 15. Bd5 Nxd5 16. Qxe4 Nxe3 17. fxe3 Qe7 18. Qxc6 Qxe3+ 19. Rf2 Qxd4 20.
Qf3 Re8 21. Qd3 Qxd3 22. cxd3 Re3 23. Rf3 Re2 24. Rf2 Re3 25. Rd1 c5 26. Rf3
Rxf3 27. gxf3 a5 28. d4 cxd4 29. Rxd4 b5 30. Rxd6 b4 31. axb4 axb4 32. Rb6
f6 33. Rxb4 f5 34. Rf4 g5 35. Rxf5 h5 36. Rxg5+ Kh7 37. f4 h4 38. f5 Kh6 39.
Rg6+ Kh7 40. Rg2 Kh6 41. f6 Kh5 42. f7 Kh6 43. f8=Q+ Kh5 44. Qh8#
{Black checkmated}
1-0

[Event "ICC tourney 3043 (15 5)"]
[Site "Internet Chess Club"]
[Date "2022.10.30"]
[Round "5"]
[White "HU, DEREK:DerekHu-W"]
[Black "ZHEN JR, DANIEL:DanielZhen-W"]
[Result "1-0"]
[ICCResult "Black checkmated"]
[WhiteElo "768"]
[BlackElo "470"]
[Opening "Scotch opening"]
[ECO "C44"]
[NIC "KP.10"]
[Time "16:30:25"]
[PlyCount "83"]
[TimeControl "900+5"]

1. e4 e5 2. Nf3 Nc6 3. d4 d6 4. dxe5 Nxe5 5. Nxe5 dxe5 6. Qxd8+ Kxd8 7. Bc4
f6 8. Nc3 Nh6 9. Bxh6 Bc5 10. Bxg7 Rf8 11. Bxf8 Bxf8 12. O-O-O+ Ke7 13. Nd5+
Kd6 14. Nxf6+ Kc5 15. Bb3 Bh6+ 16. Kb1 b5 17. Rd5+ Kb6 18. Rxe5 Bg7 19. Re6+
Bxe6 20. Bxe6 Bxf6 21. Bd5 Rg8 22. Bxg8 Kc6 23. Bd5+ Kd6 24. Bg8 h6 25. Rd1+
Ke5 26. Rd5+ Kxe4 27. Rxb5 c6 28. Rh5 Bg5 29. h4 Bf6 30. Rxh6 Kf4 31. Rxf6+
Kg4 32. f3+ Kxh4 33. Rg6 Kh5 34. Rg3 Kh6 35. f4 Kh5 36. f5 Kh6 37. f6 Kh5
38. f7 Kh4 39. Rg7 Kh5 40. f8=Q Kh6 41. Qf6+ Kh5 42. Qg5# {Black checkmated}
1-0

[Event "ICC tourney 3043 (15 5)"]
[Site "Internet Chess Club"]
[Date "2022.10.30"]
[Round "5"]
[White "SHANGYUAN TAO, SAM:SamTao-W"]
[Black "TIANYU SONG, RICHARD:RichardSong-W"]
[Result "1-0"]
[ICCResult "Black checkmated"]
[WhiteElo "501"]
[BlackElo "264"]
[Opening "Scandinavian (center counter) defense"]
[ECO "B01"]
[NIC "VO.17"]
[Time "16:30:30"]
[PlyCount "61"]
[TimeControl "900+5"]

1. e4 d5 2. f3 dxe4 3. fxe4 Qd4 4. d3 Qe3+ 5. Bxe3 e5 6. Nc3 f6 7. Nf3 Be6
8. Be2 Nc6 9. Nd5 O-O-O 10. O-O Bxd5 11. exd5 Rxd5 12. Nd2 Nb4 13. Bf3 e4
14. Bxe4 Re5 15. Bxa7 b6 16. Nc4 Rc5 17. c3 Na6 18. Qf3 g6 19. Bb7+ Kd8 20.
Bxa6 Rf5 21. Qe3 Bc5 22. d4 Rxf1+ 23. Rxf1 Bd6 24. Nxd6 cxd6 25. Bxb6+ Kd7
26. Re1 Nh6 27. Bb5+ Kc8 28. Qe6+ Kb7 29. Qxd6 Nf5 30. Qc7+ Ka8 31. Qa7#
{Black checkmated}
1-0

[Event "ICC tourney 3043 (15 5)"]
[Site "Internet Chess Club"]
[Date "2022.10.30"]
[Round "5"]
[White "CHEN, ALEXANDER:AlexanderChen-W"]
[Black "FAN, MICHAEL:MichaelFan-W"]
[Result "0-1"]
[ICCResult "White resigns"]
[WhiteElo "395"]
[BlackElo "225"]
[Opening "Giuoco Piano: four knights variation"]
[ECO "C55"]
[NIC "IG.01"]
[Time "16:30:29"]
[PlyCount "34"]
[TimeControl "900+5"]

1. e4 e5 2. Nf3 Nc6 3. Bc4 Nf6 4. Nc3 Bc5 5. O-O O-O 6. d3 d6 7. Bg5 h6 8.
Bh4 g5 9. Nxg5 hxg5 10. Bxg5 Bg4 11. Qd2 Kg7 12. Bh6+ Kh7 13. Qg5 Rg8 14.
Qh4 Nh5 15. Bxf7 Qxh4 16. g3 Nxg3 17. Bxg8+ Rxg8 {White resigns} 0-1

[Event "ICC tourney 3043 (15 5)"]
[Site "Internet Chess Club"]
[Date "2022.10.30"]
[Round "5"]
[White "WANG, WILLIAM:WilliamWang-W"]
[Black "LIANG, MINGYOU:MingyouLiang-W"]
[Result "0-1"]
[ICCResult "White checkmated"]
[WhiteElo "131"]
[BlackElo "283"]
[Opening "Giuoco Pianissimo: Italian four knights variation"]
[ECO "C55"]
[NIC "IG.01"]
[Time "16:30:32"]
[PlyCount "66"]
[TimeControl "900+5"]

1. e4 e5 2. Nf3 Nc6 3. Bc4 Nf6 4. Nc3 Bc5 5. d3 O-O 6. h3 d6 7. O-O Be6 8.
Nd4 Nxd4 9. Nd5 Nxd5 10. exd5 Bd7 11. Qe1 h6 12. Qe4 Bf5 13. Qe3 Nxc2 14.
Qg3 Nxa1 15. Bxh6 Qf6 16. Bxg7 Qxg7 17. Qh4 Nc2 18. Rc1 Nd4 19. Qe7 Ne2+ 20.
Kf1 Nxc1 21. d4 Bxd4 22. Be2 Nxe2 23. Kxe2 Rac8 24. Qh4 Qh7 25. Qg3+ Qg6 26.
Qh4 Bd3+ 27. Ke1 c6 28. g3 cxd5 29. f4 exf4 30. gxf4 Rfe8+ 31. Kd1 Qg1+ 32.
Kd2 Qe3+ 33. Kd1 Rc1# {White checkmated} 0-1

[Event "ICC tourney 3043 (15 5)"]
[Site "Internet Chess Club"]
[Date "2022.10.30"]
[Round "5"]
[White "GUO LI, EDWARD:EdwardLi-W"]
[Black "AMY SONG, XINWEI:AmySong-W"]
[Result "0-1"]
[ICCResult "White checkmated"]
[WhiteElo "688"]
[BlackElo "398"]
[Opening "Giuoco Piano"]
[ECO "C54"]
[NIC "IG.02"]
[Time "16:30:18"]
[PlyCount "44"]
[TimeControl "900+5"]

1. e4 e5 2. Nf3 Nc6 3. Bc4 Bc5 4. c3 Nf6 5. d4 exd4 6. cxd4 Bb6 7. Nc3 d6 8.
h3 O-O 9. Bg5 h6 10. Bh4 Be6 11. d5 Bxd5 12. exd5 Ne5 13. Be2 Re8 14. Ne4
Nxf3+ 15. Bxf3 g5 16. Bxg5 hxg5 17. Qd3 Qe7 18. O-O Nxe4 19. Rfe1 Bxf2+ 20.
Kf1 Bxe1 21. Rxe1 Ng3+ 22. Kf2 Qxe1# {White checkmated} 0-1

[Event "ICC tourney 3043 (15 5)"]
[Site "Internet Chess Club"]
[Date "2022.10.30"]
[Round "5"]
[White "TIAN, RENA:RenaTian-W"]
[Black "DENG, CHUTONG:ChutongDeng-W"]
[Result "0-1"]
[ICCResult "White resigns"]
[WhiteElo "151"]
[BlackElo "383"]
[Opening "Four knights: Italian variation"]
[ECO "C47"]
[NIC "KP.06"]
[Time "16:30:31"]
[PlyCount "72"]
[TimeControl "900+5"]

1. e4 e5 2. Nf3 Nc6 3. Nc3 Nf6 4. Bc4 Bb4 5. a3 Bxc3 6. bxc3 d6 7. h3 Nxe4
8. O-O O-O 9. d3 Nf6 10. Bg5 h6 11. Bxf6 Qxf6 12. Re1 Be6 13. Bxe6 fxe6 14.
d4 Rf7 15. dxe5 dxe5 16. Qd3 Rd8 17. Qe4 Qf4 18. Qxf4 Rxf4 19. Red1 Rd6 20.
Rab1 e4 21. Nh4 Rxh4 22. Rxd6 cxd6 23. Rxb7 a6 24. Rd7 d5 25. c4 dxc4 26. f4
exf3 27. gxf3 Rxh3 28. f4 Rf3 29. f5 Rxf5 30. a4 Ra5 31. Kg2 Rxa4 32. Kg3
Ra3+ 33. Kg4 Rc3 34. Kh5 Rxc2 35. Kg6 Rc3 36. Rd8+ Nxd8 {White resigns} 0-1

[Event "ICC tourney 3043 (15 5)"]
[Site "Internet Chess Club"]
[Date "2022.10.30"]
[Round "5"]
[White "CHENHE ZUO, ALEX:AlexZuo-W"]
[Black "YOUJIA CHEN, ROY:RoyChen-W"]
[Result "1-0"]
[ICCResult "Black resigns"]
[WhiteElo "894"]
[BlackElo "628"]
[Opening "Queen's pawn"]
[ECO "A40"]
[NIC "QO.17"]
[Time "16:30:11"]
[PlyCount "127"]
[TimeControl "900+5"]

1. d4 e6 2. Bf4 d5 3. e3 Nc6 4. Nf3 Nge7 5. Bd3 g6 6. O-O Bg7 7. Nbd2 O-O 8.
c3 b6 9. Rc1 Bb7 10. h3 Qd7 11. c4 dxc4 12. Nxc4 Ba6 13. Nce5 Bxe5 14. Nxe5
Nxe5 15. Bxe5 Bxd3 16. Qxd3 Nc6 17. Bf6 e5 18. Rfd1 Qe6 19. Bxe5 Nxe5 20.
dxe5 Qxe5 21. Qd4 Qxd4 22. Rxd4 c5 23. Rd7 Rfd8 24. Rcd1 Rxd7 25. Rxd7 Kg7
26. b3 Kf6 27. Kf1 Ke6 28. Rd1 Ke7 29. Ke2 Rd8 30. Rxd8 Kxd8 31. Kd3 Kc7 32.
Kc4 Kb7 33. a4 Kc7 34. f3 a6 35. g4 h6 36. Kd5 Kd7 37. f4 f6 38. e4 a5 39.
e5 fxe5 40. fxe5 h5 41. gxh5 gxh5 42. h4 Ke7 43. Kc6 Ke6 44. Kxb6 Kxe5 45.
Kxa5 Kf4 46. Kb5 Kg4 47. a5 Kxh4 48. a6 Kg3 49. a7 h4 50. a8=Q h3 51. Qg8+
Kh2 52. Kxc5 Kh1 53. Qd5+ Kh2 54. Kd4 Kg1 55. Qg5+ Kh1 56. Qc1+ Kh2 57. Ke3
Kg2 58. Qd2+ Kh1 59. Qe1+ Kh2 60. Qf2+ Kh1 61. Qf3+ Kh2 62. b4 Kg1 63. Qg4+
Kh2 64. Kf2 {Black resigns} 1-0

[Event "ICC tourney 3043 (15 5)"]
[Site "Internet Chess Club"]
[Date "2022.10.30"]
[Round "5"]
[White "YATSHING LIN, JAMES:JamesLin-W"]
[Black "YEE, SAMANTHA:SamanthaYee-W"]
[Result "1-0"]
[ICCResult "Black checkmated"]
[WhiteElo "849"]
[BlackElo "453"]
[Opening "Queen's pawn, Mason variation"]
[ECO "D00"]
[NIC "QP.08"]
[Time "16:30:17"]
[PlyCount "53"]
[TimeControl "900+5"]

1. d4 d5 2. Bf4 Nc6 3. e3 Nf6 4. Nf3 Bf5 5. Bd3 Bxd3 6. cxd3 e6 7. O-O Bd6
8. Bxd6 Qxd6 9. Nc3 h6 10. Rc1 O-O-O 11. Nb5 Qe7 12. Ne5 Nxe5 13. dxe5 Ne8
14. Nxa7+ Kb8 15. Qa4 g5 16. Nb5 h5 17. Qa7+ Kc8 18. Qb6 g4 19. Rc2 h4 20.
Rfc1 Rd7 21. Qa7 Rd8 22. Qa5 b6 23. Qa8+ Kd7 24. Qc6+ Kc8 25. Qxb6 Rd7 26.
Na7+ Kd8 27. Qb8# {Black checkmated} 1-0

[Event "ICC tourney 3043 (15 5)"]
[Site "Internet Chess Club"]
[Date "2022.10.30"]
[Round "5"]
[White "PENG YU, BILL:BillYu-W"]
[Black "XU JIA, BYRON:ByronJia-W"]
[Result "1-0"]
[ICCResult "Black resigns"]
[WhiteElo "488"]
[BlackElo "949"]
[Opening "Hungarian defense"]
[ECO "C50"]
[NIC "IG.03"]
[Time "16:30:25"]
[PlyCount "61"]
[TimeControl "900+5"]

1. e4 e5 2. Nf3 Nc6 3. Bc4 Be7 4. Nc3 Nf6 5. d3 Nd4 6. Be3 Nxf3+ 7. Qxf3 d6
8. O-O-O c6 9. Bg5 O-O 10. Ne2 Bg4 11. Qe3 h6 12. Bh4 d5 13. f3 dxc4 14.
fxg4 Nxg4 15. Bxe7 Qxe7 16. Qg3 Qg5+ 17. Kb1 Qf4 18. Nxf4 exf4 19. Qxg4 g5
20. g3 cxd3 21. Rxd3 fxg3 22. hxg3 Kg7 23. Qd7 Rae8 24. Qd4+ Kg8 25. Rxh6 f5
26. Rf3 Rxe4 27. Qc3 Rd8 28. b3 Rd1+ 29. Kb2 g4 30. Rxf5 Ree1 31. Rg6+
{Black resigns}
1-0

[Event "ICC tourney 3043 (15 5)"]
[Site "Internet Chess Club"]
[Date "2022.10.30"]
[Round "5"]
[White "KAIZHE HSIAO, LUCAS:LucasHsiao-W"]
[Black "YU, PHOENIX:PhoenixYu-W"]
[Result "0-1"]
[ICCResult "White checkmated"]
[WhiteElo "412"]
[BlackElo "648"]
[Opening "Four knights: Scotch variation"]
[ECO "C47"]
[NIC "KP.06"]
[Time "16:30:14"]
[PlyCount "80"]
[TimeControl "900+5"]

1. e4 e5 2. Nf3 Nc6 3. Nc3 Nf6 4. d4 Bd6 5. dxe5 Nxe5 6. Nxe5 Bxe5 7. Bg5 h6
8. Bxf6 Bxf6 9. Qd5 O-O 10. e5 Bg5 11. Bd3 d6 12. Qe4 g6 13. exd6 cxd6 14.
O-O Bf5 15. Qf3 Bxd3 16. Qxd3 Re8 17. Rfe1 Qd7 18. Rxe8+ Rxe8 19. h3 a6 20.
Rd1 Rd8 21. Qe2 Re8 22. Qd3 Rd8 23. Re1 Bf6 24. a3 Bxc3 25. Qxc3 Rc8 26. Qd4
Rxc2 27. b4 Ra2 28. Qc3 b6 29. Re4 Qd8 30. Re3 d5 31. Qd4 Rc2 32. Kf1 Rc4
33. Qb2 d4 34. Re4 Kh7 35. Ke2 Qd5 36. Kd3 Rc3+ 37. Kd2 Qxe4 38. Qa2 Rd3+
39. Kc2 Qe2+ 40. Kb1 Rd1# {White checkmated} 0-1